 Dungeon Crawl Stone Soup version 0.29.1-1-gd02db6906a (webtiles) character file.

Game seed: 15116689609243139581

63 inmateoo the Ruffian (level 3, 0/28 HPs)
             Began as a Demonspawn Gladiator on Sept 15, 2022.
             Shot with a sling bullet by a goblin (3 damage)
             ... on level 3 of the Dungeon.
             The game lasted 00:01:45 (2455 turns).

inmateoo the Ruffian (Demonspawn Gladiator)         Turns: 2455, Time: 00:01:45

Health: 0/28       AC: 12    Str: 16    XL:     3   Next: 87%
Magic:  3/3        EV: 10    Int:  9    God:
Gold:   199        SH:  0    Dex: 14    Spells: 2/2 levels left

rFire   . . .      SeeInvis .     - Unarmed
rCold   . . .      Faith    .   (no shield)
rNeg    . . .      Spirit   .   j - +0 scale mail
rPois   .          Reflect  .   b - +0 helmet
rElec   .          Harm     .   (no cloak)
rCorr   .          Rampage  .   t - +0 pair of gloves
Will    +....                   (no boots)
Stlth   ..........              (no amulet)
HPRegen 0.09/turn               k - ring of willpower
MPRegen 0.08/turn               n - +4 ring of protection

@: no status effects
A: foul stench 1
a: no special abilities


You were on level 3 of the Dungeon.
You visited 1 branch of the dungeon, and saw 3 of its levels.

You collected 199 gold pieces.

Inventory:

Missiles
 c - 3 throwing nets (quivered)
 d - a javelin
Armour
 b - a +0 helmet (worn)
 j - a +0 scale mail (worn)
 t - a +0 pair of gloves (worn)
Jewellery
 k - a ring of willpower (left hand)
 n - a +4 ring of protection (right hand)
Wands
 o - a wand of quicksilver (7)
Scrolls
 f - a scroll of poison {unknown}
 h - 3 scrolls of vulnerability {unknown}
 m - a scroll of immolation {unknown}
 r - a scroll of identify {unknown}
 s - a scroll of teleportation {unknown}
 u - a scroll of blinking {unknown}
Potions
 a - 2 potions of mutation {unknown}
 e - a potion of berserk rage {unknown}
 g - a potion of curing {unknown}
 i - a potion of ambrosia {unknown}
 l - a potion of lignification {unknown}
 p - a potion of haste {unknown}
 q - a potion of brilliance {unknown}


   Skills:
 + Level 2.5 Fighting
 - Level 1.7 Throwing
 + Level 1.1 Armour
 + Level 3.0 Dodging
 * Level 3.5 Unarmed Combat


You had 2 spell levels left.
You didn't know any spells.
Your spell library contained the following spells:

 Spells                   Type           Power      Damage    Failure   Level
 Beastly Appendage        Tmut           0%         N/A       83%         1
 Wereblood                Tmut           0%         N/A       92%         2
 Spider Form              Tmut/Pois      0%         N/A       99%         3


Dungeon Overview and Level Annotations

Branches:
Dungeon (3/15)

Altars:


Innate Abilities, Weirdness & Mutations

You may rarely emit foul miasma when damaged in melee.


Message History

You are too injured to fight recklessly!
You barely miss the orc. Your punch misses the orc.
The orc hits you with a +0 flail.
You barely miss the orc. The orc hits you but does no damage.
You are too injured to fight recklessly!
You hit the orc.
The orc is moderately wounded.
The orc closely misses you.
You are too injured to fight recklessly!
You hit the orc.
The orc is severely wounded.
You are too injured to fight recklessly!
You closely miss the orc.
The orc is severely wounded.
The orc closely misses you.
You hit the orc but do no damage.
The orc is severely wounded.
The orc hits you but does no damage.
You are too injured to fight recklessly!
You hit the orc.
The orc is almost dead.
The orc hits you with a +0 flail!
* * * LOW HITPOINT WARNING * * *
You are too injured to fight recklessly!
You hit the orc.
You kill the orc!
The goblin unwields a +0 club.
The goblin wields a +0 sling.
The goblin shoots a sling bullet.
The sling bullet hits you but does no damage.
You hear a shout!
You are too injured to fight recklessly!
You hit the hobgoblin.
The hobgoblin is severely wounded.
The hobgoblin hits you but does no damage.
The hobgoblin attacks as you move away!
The hobgoblin hits you but does no damage.
The hobgoblin attacks as you move away! The hobgoblin barely misses you.
The hobgoblin attacks as you move away! The hobgoblin completely misses you.
The goblin shoots a sling bullet.
The sling bullet hits you.
You die...

######.####...∩..8..8..
.......................
#####.....$#..(........
######)#.....♣..∩..
#o#...........
#.g...........
##...♣..8..8.. #
#..g......... .
..#...#@......... ..
[......##∩..♣..∩.. #.
##.#...##.##.##### # .
#....###......... #...
........#....#### ....
.........#....# ##
..........##...#
.........##...#
#.........#...#


You could see an orc, a hobgoblin and a goblin.

Vanquished Creatures
  A dart slug (D:1)
  2 orcs (D:3)
  5 bats
  An endoplasm (D:2)
  8 giant cockroaches
  6 goblins
  7 hobgoblins
  4 jackals (D:1)
  6 kobolds
  3 quokkas
  2 ball pythons
  2 frilled lizards (D:1)
  4 rats
51 creatures vanquished.

Notes
Turn   | Place    | Note
-------+----------+-------------------------------------------
     0 | D:1      | inmateoo the Demonspawn Gladiator began the quest for the
                  | Orb.
     0 | D:1      | Reached XP level 1. HP: 16/16 MP: 1/1
   331 | D:1      | Gained mutation: You may rarely emit foul miasma when
                  | damaged in melee. [demonic ancestry]
   331 | D:1      | Reached XP level 2. HP: 22/22 MP: 2/2
   816 | D:1      | Reached XP level 3. HP: 18/28 MP: 3/3
  1131 | D:1      | Reached skill level 1 in Armour
  2429 | D:3      | Found a faded altar of an unknown god.
  2455 | D:3      | Shot with a sling bullet by a goblin

Illustrated notes

Levels and vault maps discovered:
D:1:      co_arrival_square_in_a_square_in_a_square, layout_basic,
          minmay_tromino_v4_c
D:2:      layout_basic
D:3:      layout_rooms, hellmonk_ecumenical_altar_arch_garden,
          guppyfry_early_orc_mine, uniq_sigmund

Skill      XL: |  1  2  3 |
---------------+----------+-----
Unarmed Combat | 3 |  3.5
Dodging        | 3 |  3.0
Armour         | 1 |  1.1
Fighting       | |  2.5
Throwing       | |  1.7

Action                   || total
-------------------------++-------
Melee: Unarmed           ||   179
       Punch             ||     3
Armor: Leather armour    ||     8
       Scale mail        ||    76
Dodge: Dodged            ||    82
